Map: Moondance

Players

MCanning

  • Race: Protoss Protoss
  • Spawn Location: 12:00

Jinioh - Winner!

  • Race: Terran Terran
  • Spawn Location: 6:00

Event: DreamHack SC2 Masters 2022 Atlanta (Offline)

VOD

Have the link to the VOD?

Description

Time

  • Played on: Nov. 18, 2022, 2:38 p.m.
  • Length: 15:25

All games in this series

Show
View Real Time Build Order
Export as new Build Order

MCanning Protoss 

Build Orders: 1 Gate Expand 

Get SALT Encoding   

  12  0:00  Probe  
  13  0:12  Probe  
  14  0:17  Pylon  
  14  0:24  Probe  
  15  0:36  Gateway, Probe (Chrono Boost)  
  16  0:47  Probe (Chrono Boost), Assimilator  
  17  0:51  Probe (Chrono Boost)  
  18  1:03  Probe  
  19  1:15  Probe  
  20  1:23  Nexus  
  20  1:34  Cybernetics Core  
  20  1:35  Probe  
  21  1:42  Assimilator  
  21  1:47  Probe  
  21  1:52  Pylon  
  22  1:59  Probe  
  23  2:07  Adept (Chrono Boost)  
  23  2:11  Probe  
  26  2:17  Warp Gate  
  26  2:23  Probe  
  27  2:35  Probe (Chrono Boost)  
  29  2:41  Probe (Chrono Boost)  
  29  2:43  Stalker (Chrono Boost)  
  31  2:46  Probe (Chrono Boost)  
  31  2:50  Probe x2 (Chrono Boost)  
  33  2:54  Robotics Facility  
  34  3:00  Probe  
  34  3:02  Probe  
  35  3:10  Stalker (Chrono Boost)  
  38  3:15  Shield Battery  
  35  3:20  Gateway  
  35  3:23  Gateway  
  35  3:25  Pylon  
  35  3:32  Stalker (Chrono Boost)  
  36  3:40  Probe  
  30  3:44  Probe  
  31  3:52  Probe (Chrono Boost)  
  28  4:00  Probe (Chrono Boost)  
  27  4:04  Observer, Probe (Chrono Boost)  
  27  4:05  Sentry  
  32  4:11  Probe (Chrono Boost)  
  32  4:12  Probe (Chrono Boost)  
  33  4:19  Sentry  
  33  4:20  Probe (Chrono Boost)  
  37  4:24  Probe (Chrono Boost)  
  37  4:25  Observer  
  37  4:27  Probe (Chrono Boost)  
  37  4:31  Probe (Chrono Boost)  
  40  4:35  Probe  
  41  4:44  Nexus  
  41  4:52  Probe  
  42  4:54  Probe  
  41  5:04  Probe  
  41  5:06  Probe  
  40  5:16  Probe (Chrono Boost)  
  40  5:18  Probe (Chrono Boost), Pylon  
  40  5:19  Observer, Robotics Bay  
  42  5:28  Sentry, Probe (Chrono Boost)  
  46  5:29  Probe (Chrono Boost)  
  46  5:33  Probe (Chrono Boost)  
  46  5:34  Probe (Chrono Boost)  
  47  5:37  Pylon  
  48  5:43  Immortal (Chrono Boost), Probe  
  48  5:45  Probe  
  54  5:50  Assimilator  
  54  5:52  Assimilator  
  54  5:55  Probe  
  56  5:57  Probe  
  56  5:58  Stalker  
  56  6:00  Probe  
  59  6:08  Probe  
  59  6:11  Colossus (Chrono Boost), Probe  
  61  6:15  Probe  
  68  6:20  Probe  
  68  6:23  Probe  
  70  6:25  Gateway  
  70  6:26  Observer, Extended Thermal Lance (Chrono Boost)  
  70  6:32  Gateway  
  70  6:34  Probe  
  70  6:39  Pylon  
  71  6:43  Gateway  
  71  6:44  Sentry  
  73  6:48  Observer  
  73  6:54  Colossus (Chrono Boost)  
  73  6:55  Probe  
  73  6:57  Pylon  
  80  7:02  Probe  
  80  7:03  Probe  
  80  7:06  Shield Battery  
  80  7:08  Shield Battery  
  82  7:14  Stalker  
  84  7:15  Stalker  
  84  7:16  Stalker  
  84  7:18  Probe  
  86  7:30  Pylon  
  86  7:31  Colossus (Chrono Boost), Probe  
  86  7:33  Pylon  
  86  7:34  Pylon  
  83  7:40  Probe  
  81  7:49  Stalker x3  
  81  7:50  Probe  
  87  7:55  Shield Battery  
  87  7:58  Pylon  
  87  8:03  Shield Battery  
  87  8:08  Adept  
  87  8:10  Probe  
  90  8:13  Probe  
  83  8:20  Stalker x2  
  83  8:26  Zealot x2  
  75  8:27  Probe  
  75  8:28  Probe  
  75  8:32  Probe  
  70  8:35  Immortal (Chrono Boost)  
  70  8:40  Assimilator  
  74  8:42  Zealot  
  74  8:43  Pylon  
  74  8:48  Zealot x3  
  82  8:51  Probe  
  82  8:52  Shield Battery, Probe  
  82  9:07  Stalker  
  82  9:08  Disruptor (Chrono Boost), Stalker x2  
  77  9:17  Zealot  
  78  9:25  Probe  
  78  9:27  Probe  
  78  9:29  Twilight Council, Probe  
  79  9:31  Stalker x2  
  79  9:32  Zealot  
  79  9:37  Probe  
  85  9:39  Probe  
  85  9:41  Probe  
  87  9:52  Disruptor (Chrono Boost)  
  87  9:53  Gateway  
  87  9:56  Gateway x2  
  90  10:00  Observer  
  90  10:01  Stalker x2, Pylon  
  94  10:12  Stalker x2  
  98  10:17  Probe  
  98  10:18  Colossus (Chrono Boost)  
  98  10:20  Charge (Chrono Boost)  
  105  10:36  Zealot x2  
  109  10:44  Shield Battery  
  107  10:50  Shield Battery  
  107  10:51  Zealot x2  
  107  10:52  Zealot  
  97  10:58  Zealot  
  97  10:59  Zealot  
  82  11:07  Zealot  
  75  11:14  Probe  
  75  11:16  Robotics Facility, Probe  
  75  11:17  Robotics Facility, Probe  
  78  11:20  Forge  
  78  11:21  Forge  
  78  11:23  Observer, Pylon  
  78  11:24  Stalker x3  
  84  11:26  Sentry  
  86  11:38  Nexus  
  86  11:41  Pylon  
  86  11:45  Blink (Chrono Boost)  
  86  11:46  Zealot  
  88  11:50  Zealot  
  90  11:56  Probe  
  91  12:02  Dark Shrine  
  94  12:08  Disruptor (Chrono Boost)  
  94  12:10  Shield Battery  
  97  12:16  Disruptor (Chrono Boost)  
  97  12:24  Stalker x2  
  97  12:25  Pylon  
  97  12:27  Observer, Probe x2  
  97  12:28  Sentry  
  105  12:31  Probe  
  105  12:35  Disruptor (Chrono Boost)  
  109  12:39  Probe  
  108  12:44  Disruptor (Chrono Boost)  
  108  12:45  Zealot x2  
  114  13:03  Disruptor (Chrono Boost)  
  114  13:05  Zealot x3  
  111  13:10  Probe  
  97  13:16  Disruptor  
Show
View Real Time Build Order
Export as new Build Order

Jinioh Terran - Winner!

Build Orders:  

Get SALT Encoding   

  12  0:00  SCV  
  13  0:12  SCV  
  14  0:16  Supply Depot  
  14  0:24  SCV  
  15  0:38  SCV  
  15  0:40  Barracks  
  16  0:43  Refinery  
  16  0:50  SCV  
  16  0:52  Refinery  
  17  1:02  SCV  
  18  1:14  SCV  
  19  1:27  Reaper, Orbital Command  
  20  1:38  Supply Depot  
  20  1:43  Factory  
  20  1:53  SCV  
  21  1:59  Barracks Reactor  
  21  2:05  SCV  
  22  2:19  Command Center  
  22  2:22  SCV  
  23  2:27  Hellion  
  25  2:33  Supply Depot  
  25  2:35  Reaper x2  
  27  2:38  SCV  
  28  2:49  Hellion  
  30  2:55  Starport  
  30  2:58  SCV  
  30  3:08  Marine x2  
  30  3:10  SCV  
  33  3:17  Widow Mine  
  35  3:22  Supply Depot  
  35  3:23  SCV  
  35  3:26  Marine x2  
  36  3:35  SCV  
  37  3:42  Medivac  
  37  3:44  Marine x2  
  41  4:00  Widow Mine, Orbital Command  
  41  4:02  Marine x2  
  43  4:03  SCV  
  43  4:09  Bunker  
  43  4:13  Starport Tech Lab  
  43  4:16  SCV  
  44  4:20  Barracks, Marine  
  44  4:23  Factory Tech Lab  
  45  4:26  SCV  
  45  4:28  SCV  
  45  4:29  Marine  
  45  4:31  Raven  
  50  4:38  SCV  
  50  4:39  Supply Depot  
  50  4:43  SCV  
  50  4:44  Marine  
  53  4:51  SCV  
  52  4:59  Siege Tank  
  55  5:01  Barracks, Marine  
  54  5:07  SCV  
  54  5:10  Refinery  
  54  5:11  Engineering Bay  
  54  5:13  SCV  
  56  5:19  SCV  
  56  5:21  Supply Depot  
  57  5:24  Marine x2  
  57  5:25  SCV  
  57  5:26  Starport Reactor  
  60  5:29  Stimpack  
  60  5:35  Siege Tank  
  63  5:36  SCV  
  63  5:39  SCV  
  63  5:41  Terran Infantry Weapons Level 1  
  65  5:46  Refinery  
  65  5:48  SCV  
  66  5:50  Marine x3  
  66  5:56  Supply Depot  
  69  5:57  SCV  
  69  6:00  SCV  
  71  6:08  Marauder, Marine x2  
  71  6:10  SCV  
  76  6:11  Supply Depot  
  76  6:12  Combat Shield  
  76  6:17  Marauder  
  78  6:20  Factory Reactor  
  78  6:22  SCV  
  78  6:24  Medivac  
  81  6:28  Medivac  
  83  6:33  Marine  
  83  6:34  Marauder  
  83  6:39  Supply Depot  
  86  6:42  SCV  
  87  6:47  SCV, Marauder  
  87  6:52  Supply Depot  
  90  6:55  SCV, Marauder  
  90  6:56  Supply Depot  
  90  6:57  Marine  
  90  7:00  SCV  
  95  7:13  Command Center  
  95  7:15  SCV  
  96  7:17  SCV  
  94  7:27  SCV  
  92  7:33  SCV, Marauder, Marine  
  95  7:39  Marine  
  95  7:40  Marauder  
  95  7:42  SCV  
  95  7:44  Barracks x2  
  93  7:53  Marine  
  93  7:55  Marauder  
  93  7:56  SCV  
  93  7:57  Supply Depot  
  93  7:58  Supply Depot  
  97  8:00  SCV  
  97  8:01  Marauder  
  97  8:02  Marine  
  101  8:08  SCV  
  101  8:11  Marine  
  101  8:12  SCV  
  104  8:16  Marauder  
  100  8:20  Marine  
  100  8:22  Marauder  
  98  8:29  Marine  
  98  8:33  SCV x2  
  101  8:35  Terran Infantry Armor Level 1  
  101  8:36  Orbital Command  
  101  8:37  Barracks Tech Lab  
  101  8:38  Marauder, Marine  
  101  8:41  Barracks Reactor  
  104  8:42  Starport  
  104  8:44  Marauder  
  104  8:46  Marine  
  105  8:52  SCV  
  105  8:55  Viking x2, Marine  
  108  8:56  SCV  
  108  8:58  Marine  
  111  9:04  SCV, Marine  
  111  9:05  SCV, Marauder x2  
  112  9:12  SCV  
  112  9:13  Marine  
  112  9:17  SCV, Marauder, Marine  
  113  9:21  Marine  
  113  9:22  Marine  
  117  9:26  Marauder, Marine  
  120  9:31  Marine  
  120  9:35  Command Center, Marine  
  122  9:38  Marauder  
  122  9:39  Marine  
  122  9:40  Marine  
  122  9:42  SCV  
  122  9:44  Marauder  
  127  9:48  Medivac, Marauder  
  127  9:49  Marine  
  130  9:55  Marine  
  130  9:56  SCV  
  130  9:59  Marauder  
  135  10:00  SCV, Armory  
  135  10:01  Engineering Bay, SCV  
  135  10:02  Marine  
  135  10:06  Marauder  
  139  10:09  Marauder  
  139  10:10  Marine  
  139  10:13  SCV, Sensor Tower  
  138  10:16  Marine  
  138  10:19  Medivac x2  
  138  10:21  Marauder  
  145  10:27  Marauder  
  146  10:29  SCV  
  146  10:30  Barracks, Marauder  
  146  10:32  Barracks  
  146  10:34  Barracks  
  145  10:36  SCV  
  145  10:38  Marine  
  145  10:40  Marine x3  
  145  10:42  Marauder  
  152  10:49  Marauder  
  151  10:52  Marauder  
  151  10:56  Marine  
  146  11:00  Marine  
  146  11:04  Marauder  
  142  11:09  Marine x2  
  142  11:10  Marauder  
  136  11:13  SCV, Marauder  
  136  11:14  SCV x2, Marine  
  136  11:18  Missile Turret, Marine  
  142  11:20  Missile Turret, Medivac, Sensor Tower  
  142  11:21  Barracks Tech Lab  
  142  11:22  Barracks Tech Lab  
  142  11:23  Barracks Reactor  
  142  11:25  SCV, Marauder  
  148  11:27  SCV  
  148  11:31  Refinery, Marauder  
  148  11:32  Marine  
  152  11:34  Medivac  
  152  11:35  SCV, Marauder  
  152  11:36  Medivac  
  152  11:37  Medivac  
  152  11:39  Planetary Fortress  
  161  11:42  Marauder, Marine  
  161  11:43  Marine  
  161  11:44  Marauder, Marine  
  161  11:46  Marine  
  169  11:50  Marine  
  169  11:53  Marauder  
  172  11:56  Terran Infantry Weapons Level 2  
  172  11:58  Terran Infantry Armor Level 2  
  172  12:03  Supply Depot  
  172  12:04  Supply Depot x2  
  172  12:19  Supply Depot  
  172  12:20  Supply Depot  
  172  12:21  Supply Depot, Marauder, Marine x6  
  172  12:22  Supply Depot  
  180  12:25  SCV x2, Marauder x2, Marine x2  
  180  12:26  Ghost Academy, Terran Vehicle And Ship Armor Level 1  
  188  12:33  Supply Depot  
  188  12:34  Supply Depot  
  188  12:35  Missile Turret  
  188  12:39  Marauder x2, Marine x4  
  188  12:42  SCV, Marine  
  188  12:43  Marauder  
  200  12:48  Command Center  
  200  12:55  Marine  
  200  12:57  Marine  
  199  13:01  Marauder  
  199  13:04  Marauder  
  199  13:05  Medivac  
  199  13:07  SCV  
  199  13:09  Barracks, Marine x2  
  199  13:10  Barracks, Marauder, Marine  
  199  13:11  Barracks, Marauder x2  
  199  13:12  SCV  
  198  13:15  Marine  
  198  13:16  SCV, Marine  
  198  13:19  SCV, Marine  
  197  13:22  Marauder  
  197  13:24  SCV  
  197  13:26  Marauder  
  190  13:27  Marine x2  
  192  13:28  SCV, Marine  
  192  13:31  Marauder, Marine  
Tags
 
Add a new tag
Caveats
  • Supply blocks, unpowered buildings, or Contaminate may cause inaccurate times.
  • Supply counts are checked every 10 seconds.